 Dungeon Crawl Stone Soup version 0.28.0 (webtiles) character file.

Game seed: 9416765326772457023

6 crazypyro the Skirmisher (level 1, -1/24 HPs)
             Began as an Ogre Monk on Feb 10, 2022.
             Slain by a hobgoblin (4 damage)
             ... on level 1 of the Dungeon.
             The game lasted 00:00:17 (94 turns).

crazypyro the Skirmisher (Ogre Monk)                  Turns: 94, Time: 00:00:18

Health: -1/24      AC:  3    Str: 14    XL:     1   Next: 90%
Magic:  1/1        EV: 10    Int: 11    God:
Gold:   0          SH:  0    Dex: 11    Spells: 0/0 levels left

rFire   . . .      SeeInvis .   a - +0 mace
rCold   . . .      Faith    .   (no shield)
rNeg    . . .      Spirit   .   b - +0 robe
rPois   .          Reflect  .   (helmet restricted)
rElec   .          Harm     .   (no cloak)
rCorr   .          Rampage  .   (gloves unavailable)
Will    .....                   (boots unavailable)
Stlth   ++........              (no amulet)
HPRegen 0.08/turn               (no ring)
MPRegen 0.07/turn               (no ring)

@: no status effects
A: large, unfitting armour, tough skin 1
a: no special abilities


You were on level 1 of the Dungeon.
You visited 1 branch of the dungeon, and saw 1 of its levels.

Inventory:

Hand Weapons
 a - a +0 mace (weapon)
Armour
 b - a +0 robe (worn)


   Skills:
 - Level 4.0 Fighting
 * Level 3.0 Maces & Flails
 - Level 2.7 Dodging
 - Level 1.4 Stealth


You couldn't memorise any spells.
You didn't know any spells.
Your spell library contained the following spells:

 Spells                   Type           Power      Damage    Failure   Level
 Static Discharge         Conj/Air       0%         N/A       47%         2
 Lightning Bolt           Conj/Air       0%         1d11      100%        5
 Maxwell's Capacitive Co  Air            0%         ∞         100%        8


Dungeon Overview and Level Annotations

Branches:
Dungeon (1/15)

Altars:


Innate Abilities, Weirdness & Mutations

You are too large for most types of armour.
You have tough skin. (AC +1)


Message History

You closely miss the ball python. The ball python bites you. x2
The kobold misses you. The ball python misses you.
The ball python barely misses you.
You closely miss the ball python. The ball python closely misses you.
You hit the ball python.
The ball python is moderately wounded.
The ball python bites you but does no damage.
The ball python closely misses you.
You sock the ball python!
You kill the ball python!
You barely miss the hobgoblin.
The hobgoblin hits you but does no damage.
You barely miss the kobold. The hobgoblin barely misses you.
The kobold hits you with a +0 dagger.
You closely miss the kobold. The hobgoblin closely misses you.
The kobold completely misses you.
You closely miss the kobold. The hobgoblin closely misses you.
The kobold hits you with a +0 dagger.
You hit the kobold but do no damage. The hobgoblin closely misses you.
The kobold hits you with a +0 dagger. The hobgoblin closely misses you.
The kobold hits you but does no damage.
You hit the hobgoblin but do no damage. The hobgoblin closely misses you.
The kobold closely misses you.
Unknown command.
You hit the hobgoblin.
You kill the hobgoblin!
The kobold hits you with a +0 dagger.
Your Maces & Flails skill increases to level 3!
The kobold hits you with a +0 dagger.
You are too injured to fight recklessly!
You are too injured to fight recklessly!
You are too injured to fight recklessly!
You miss the kobold. The kobold closely misses you.
You hit the kobold.
You kill the kobold!
The hobgoblin hits you with a +0 whip!
* * * LOW HITPOINT WARNING * * *
You closely miss the hobgoblin. The hobgoblin hits you with a +0 whip.
You die...

#######.#.###...##.......##
........#.# ##........##..#
#######.#.# #........###.#
#..)#.# #....##......#
......#.#.# #............#
########.#.# ####.#......##
........)#+#####.#.#.......#
########.....g...#.........#
.............#@.[.....######
########.....##########
#.....# #.....# #.....#####
#.........# ####..###.#
#[#.# ... ...


You could see a hobgoblin.

Vanquished Creatures
  A ball python (D:1)
  A goblin (D:1)
  2 hobgoblins (D:1)
  A kobold (D:1)
5 creatures vanquished.

Notes
Turn   | Place    | Note
-------+----------+-------------------------------------------
     0 | D:1      | crazypyro the Ogre Monk began the quest for the Orb.
     0 | D:1      | Reached XP level 1. HP: 24/24 MP: 1/1
    94 | D:1      | Slain by a hobgoblin

Illustrated notes

Levels and vault maps discovered:
D:1:      dpeg_arrival_more_subterranean_lakeside_camping, layout_basic,
          st_stairs_10

Skill      XL: |  1 |
---------------+----+-----
Maces & Flails | 3 |  3.0
Fighting       | |  4.0
Dodging        | |  2.7
Stealth        | |  1.4

Action                   || total
-------------------------++-------
Melee: Mace              ||    29
Armor: Robe              ||     9
Dodge: Dodged            ||    34
